[Event "Wuerttemberg Rapid Teams 2024"]
[Site "B?blingen, Germany"]
[Date "2024.04.13"]
[Round "4.13"]
[White "Fischer, Andre"]
[Black "Seitz, Patrick"]
[Result "1-0"]
[ECO "B81"]
[WhiteElo "2248"]
[BlackElo "2125"]
[Annotator "RC"]
[PlyCount "83"]
[EventDate "2024.04.13"]
[EventType "team-tourn"]
[SourceTitle "playchess.com"]
[Source "ChessBase"]
[SourceQuality "1"]
[TimeControl "900+5"]

1. e4 c5 2. Nf3 d6 3. d4 cxd4 4. Nxd4 Nf6 5. Nc3 a6 6. Be3 e6 7. g4 h6 8. Rg1 Nc6 9. Be2 Nxd4 10. Bxd4 Be7 11. Be3 Qa5 12. Qd2 g5 13. O-O-O Nd7 14. f4 Rg8 15. Kb1 b5 16. a3 Bb7 17. Rgf1 Rc8 18. h4 b4 19. axb4 Qxb4 20. fxg5 hxg5 21. Bxg5 Bxg5 22. hxg5 Rc6 23. Rf3 Ne5 24. Rh3 Rb6 25. b3 Bxe4 26. Kb2 d5 27. Qe3 Rc6 28. Rd4 Qb8 29. Nxe4 dxe4 30. Qxe4 Rb6 31. Ra4 Nd7 32. Qh7 Qe5+ 33. Ka2 Qxg5 34. Bd3 Qg7 35. Qh5 Nf6 36. Qc5 Nd7 37. Qc7 Qe5 38. Qc8+ Ke7 39. Qxg8 Nc5 40. Rh5 Qc3 41. Qg5+ Kd7 42. Qxc5 1-0

[Event "Wuerttemberg Rapid Teams 2024"]
[Site "B?blingen, Germany"]
[Date "2024.04.13"]
[Round "4.14"]
[White "Weiss, Oliver"]
[Black "Narr, Kevin"]
[Result "1-0"]
[ECO "D00"]
[WhiteElo "2220"]
[BlackElo "1977"]
[Annotator "RC"]
[PlyCount "69"]
[EventDate "2024.04.13"]
[EventType "team-tourn"]
[SourceTitle "playchess.com"]
[Source "ChessBase"]
[SourceQuality "1"]
[TimeControl "900+5"]

1. d4 d5 2. Bf4 e6 3. e3 Bd6 4. Bg3 Nf6 5. Nd2 O-O 6. Bd3 c5 7. c3 b6 8. Ngf3 Qc7 9. Ne5 Nbd7 10. f4 Bb7 11. Qf3 a5 12. O-O Ba6 13. Bxa6 Rxa6 14. a4 Raa8 15. Bh4 Rab8 16. Qe2 Ne4 17. Nxe4 dxe4 18. Qb5 Rb7 19. Rad1 Nf6 20. Bxf6 gxf6 21. Nc4 f5 22. d5 e5 23. fxe5 Bxe5 24. d6 Bxh2+ 25. Kxh2 Qd8 26. Qc6 Rb8 27. d7 Qh4+ 28. Kg1 Kh8 29. Rxf5 f6 30. Qd6 Rbd8 31. Nxb6 Qg4 32. Rdf1 Qe2 33. Rxf6 Qxe3+ 34. Kh1 Rg8 35. Qe5 1-0

[Event "Wuerttemberg Rapid Teams 2024"]
[Site "B?blingen, Germany"]
[Date "2024.04.13"]
[Round "4.15"]
[White "Wunder, Niklas"]
[Black "Sulzbacher, Kurt"]
[Result "1-0"]
[ECO "C51"]
[WhiteElo "2071"]
[BlackElo "1976"]
[Annotator "NA RC"]
[PlyCount "73"]
[EventDate "2024.04.13"]
[EventType "team-tourn"]
[SourceTitle "playchess.com"]
[Source "ChessBase"]
[SourceQuality "1"]
[TimeControl "900+5"]

1. e4 e5 2. Nf3 Nc6 3. Bc4 Bc5 4. b4 Bxb4 5. c3 Be7 6. d4 Na5 7. Be2 d6 8. Qa4+ c6 9. dxe5 dxe5 10. Nxe5 Nf6 11. O-O O-O 12. Rd1 Qc7 13. Bf4 b5 14. Qc2 Qb6 15. Nd2 Be6 16. a4 Rfd8 17. axb5 cxb5 18. Rdb1 a6 19. Rxa5 Qxa5 20. Nc6 Qa3 21. Nxd8 Rxd8 22. Nf3 Rc8 23. Be5 Bc4 24. Bxf6 Bxf6 25. e5 Be7 26. Qf5 Qc5 27. Bxc4 Qxc4 28. Re1 g6 29. Qd7 Qe6 30. Qb7 Rxc3 31. Nd4 Qc4 32. Qxe7 Qxd4 33. e6 Qg7 34. Qe8+ Qf8 35. exf7+ Kg7 36. Qe5+ Kxf7 37. Qxc3 1-0

[Event "Wuerttemberg Rapid Teams 2024"]
[Site "B?blingen, Germany"]
[Date "2024.04.13"]
[Round "4.16"]
[White "Sokratov, Stanislav"]
[Black "Kaufmann, Gunther"]
[Result "1-0"]
[ECO "A45"]
[WhiteElo "2146"]
[BlackElo "1852"]
[Annotator "RC"]
[PlyCount "59"]
[EventDate "2024.04.13"]
[EventType "team-tourn"]
[SourceTitle "playchess.com"]
[Source "ChessBase"]
[SourceQuality "1"]
[TimeControl "900+5"]

1. d4 Nf6 2. Bf4 g6 3. Nc3 d5 4. e3 Bg7 5. h4 Nh5 6. Bh2 c6 7. Be2 Nf6 8. h5 Qb6 9. Rb1 Qa5 10. Qd2 Bf5 11. h6 Bf8 12. f3 Nbd7 13. g4 Be6 14. g5 Nh5 15. f4 Bf5 16. a3 Nb6 17. Nd1 Qxd2+ 18. Kxd2 O-O-O 19. Nf3 f6 20. Nf2 Nd7 21. b4 Be4 22. Rhc1 Bxf3 23. Bxf3 Nb6 24. Be2 Nc4+ 25. Bxc4 dxc4 26. Kc3 b5 27. Ne4 Rd7 28. a4 a6 29. Ra1 Kb7 30. Nc5+ 1-0

[Event "Wuerttemberg Rapid Teams 2024"]
[Site "B?blingen, Germany"]
[Date "2024.04.13"]
[Round "4.17"]
[White "Li, Yunqi"]
[Black "Kerpe, Andreas"]
[Result "1-0"]
[ECO "C02"]
[WhiteElo "1940"]
[BlackElo "2146"]
[Annotator "RC"]
[PlyCount "51"]
[EventDate "2024.04.13"]
[EventType "team-tourn"]
[SourceTitle "playchess.com"]
[Source "ChessBase"]
[SourceQuality "1"]
[TimeControl "900+5"]

1. e4 e6 2. d4 d5 3. e5 c5 4. c3 Nc6 5. Nf3 Bd7 6. Be2 f6 7. O-O fxe5 8. Nxe5 Nxe5 9. dxe5 Qc7 10. f4 O-O-O 11. Nd2 Ne7 12. Nf3 Nc6 13. Be3 Kb8 14. a3 Be7 15. b4 c4 16. a4 h6 17. Qd2 Rhg8 18. Rfb1 b6 19. Kh1 Rdf8 20. a5 b5 21. a6 Be8 22. Nd4 Nxd4 23. Qxd4 g5 24. Rf1 Bd8 25. Bg4 Qe7 26. Bxe6 1-0

[Event "Wuerttemberg Rapid Teams 2024"]
[Site "B?blingen, Germany"]
[Date "2024.04.13"]
[Round "4.18"]
[White "Bodriyenko, Markiyan"]
[Black "Vaysberg, Alexander"]
[Result "1-0"]
[ECO "C30"]
[WhiteElo "1728"]
[BlackElo "2152"]
[Annotator "RC"]
[PlyCount "115"]
[EventDate "2024.04.13"]
[EventType "team-tourn"]
[SourceTitle "playchess.com"]
[Source "ChessBase"]
[SourceQuality "1"]
[TimeControl "900+5"]

1. e4 e5 2. Nc3 Nc6 3. Bc4 Nf6 4. d3 Bc5 5. f4 d6 6. Nf3 Bg4 7. Na4 Bb6 8. Nxb6 axb6 9. h3 Bxf3 10. Qxf3 Na5 11. O-O Nxc4 12. dxc4 Qe7 13. f5 Nd7 14. Qg4 f6 15. Bd2 Qf7 16. b3 g5 17. fxg6 hxg6 18. Rf2 Ke7 19. a4 Rag8 20. Raf1 Qe6 21. Qe2 Rf8 22. Rf3 f5 23. Bg5+ Ke8 24. exf5 gxf5 25. Qf2 f4 26. Re1 Qg6 27. Bxf4 Rxf4 28. Rxf4 Rxh3 29. Rh4 Rg3 30. Rh8+ Ke7 31. Rf1 Qg7 32. Rh2 Nc5 33. Qf5 Ne6 34. Rh7 Rxg2+ 35. Kh1 Nf4 36. Rxg7+ Rxg7 37. Re1 Rf7 38. Qg5+ Ke6 39. Qg4+ Ke7 40. b4 Kf6 41. c5 Rh7+ 42. Kg1 Rg7 43. Qxg7+ Kxg7 44. cxd6 cxd6 45. Kf2 Kf6 46. Kf3 Kf5 47. Rd1 d5 48. a5 bxa5 49. bxa5 e4+ 50. Kf2 Ke5 51. Rb1 d4 52. Rb5+ Nd5 53. Rxb7 e3+ 54. Ke1 Kd6 55. a6 Kc6 56. Rb3 Nc7 57. a7 Kc5 58. Rb8 1-0

[Event "Wuerttemberg Rapid Teams 2024"]
[Site "B?blingen, Germany"]
[Date "2024.04.13"]
[Round "4.19"]
[White "Retzlaff, Kian"]
[Black "Jerie, Sven"]
[Result "1-0"]
[ECO "B48"]
[WhiteElo "1793"]
[BlackElo "2018"]
[Annotator "NA RC"]
[PlyCount "63"]
[EventDate "2024.04.13"]
[EventType "team-tourn"]
[SourceTitle "playchess.com"]
[Source "ChessBase"]
[SourceQuality "1"]
[TimeControl "900+5"]

1. e4 c5 2. Nf3 e6 3. d4 cxd4 4. Nxd4 Nc6 5. Nc3 Qc7 6. Be3 a6 7. Qf3 Nf6 8. Qg3 d6 9. O-O-O b5 10. a3 Bd7 11. f4 Qa5 12. Nb3 Qc7 13. Be2 b4 14. axb4 Nxb4 15. Rd2 d5 16. exd5 Nfxd5 17. Nxd5 Nxd5 18. Bf3 Bc6 19. Bd4 Rc8 20. Be5 Qb6 21. Re1 Bb7 22. Bxd5 Bxd5 23. Rxd5 Bb4 24. Qxg7 Rf8 25. Bc3 Bxc3 26. bxc3 Qc6 27. Rc5 Qd7 28. Rd1 Qb7 29. Qd4 Rg8 30. Na5 Qb8 31. Qd7+ Kf8 32. Rxc8+ 1-0

[Event "Wuerttemberg Rapid Teams 2024"]
[Site "B?blingen, Germany"]
[Date "2024.04.13"]
[Round "4.20"]
[White "Retzlaff, Nick"]
[Black "Schaffert, Walter"]
[Result "0-1"]
[ECO "B01"]
[WhiteElo "1707"]
[BlackElo "2033"]
[Annotator "NA RC"]
[PlyCount "81"]
[EventDate "2024.04.13"]
[EventType "team-tourn"]
[SourceTitle "playchess.com"]
[Source "ChessBase"]
[SourceQuality "1"]
[TimeControl "900+5"]

1. e4 d5 2. exd5 Qxd5 3. Nc3 Qd6 4. Nf3 Nf6 5. d4 a6 6. Bc4 b5 7. Bd3 Bb7 8. Be3 e6 9. a4 b4 10. Nb1 Nbd7 11. Nbd2 Be7 12. Nc4 Qd5 13. O-O c5 14. dxc5 Bxc5 15. Bxc5 Qxc5 16. Re1 O-O 17. Nfe5 Qd5 18. Qf3 Qxf3 19. Nxf3 Bxf3 20. gxf3 Nc5 21. Be4 Rfd8 22. Bxa8 Rxa8 23. Rad1 Nd5 24. a5 g5 25. Nb6 Nxb6 26. axb6 Rb8 27. Rd6 Na4 28. Re4 a5 29. Re5 Nxb2 30. Rxg5+ Kf8 31. Rc6 a4 32. Rb5 a3 33. b7 Kg7 34. Rxb4 Na4 35. Rxa4 Rxb7 36. Rxa3 h5 37. Rb3 Ra7 38. Kg2 Kf6 39. c4 Kf5 40. Rd3 e5 41. Rdd6 0-1

[Event "Wuerttemberg Rapid Teams 2024"]
[Site "B?blingen, Germany"]
[Date "2024.04.13"]
[Round "4.22"]
[White "Kaufmann, Thorsten"]
[Black "Gabriel, Josef"]
[Result "1/2-1/2"]
[ECO "B06"]
[WhiteElo "2057"]
[BlackElo "1997"]
[Annotator "RC"]
[PlyCount "143"]
[EventDate "2024.04.13"]
[EventType "team-tourn"]
[SourceTitle "playchess.com"]
[Source "ChessBase"]
[SourceQuality "1"]
[TimeControl "900+5"]

1. e4 g6 2. d4 d6 3. Nc3 Bg7 4. Bc4 e6 5. Nf3 a6 6. a4 b6 7. O-O Ne7 8. Bg5 Bb7 9. Qd2 h6 10. Be3 Nd7 11. Rfe1 Nf6 12. e5 dxe5 13. Nxe5 Ned5 14. Nxd5 Nxd5 15. Rad1 Nxe3 16. Qxe3 Qg5 17. Qxg5 hxg5 18. c3 Rd8 19. b4 O-O 20. a5 bxa5 21. bxa5 c5 22. Rb1 Bd5 23. Bxa6 cxd4 24. cxd4 Ra8 25. Rb6 Rfd8 26. h3 Ra7 27. Rc1 Rda8 28. Rc8+ Rxc8 29. Bxc8 Rxa5 30. Bd7 Bxe5 31. dxe5 Ra1+ 32. Kh2 Re1 33. Rb8+ Kg7 34. Rc8 Rxe5 35. Rc7 Rf5 36. Kg3 Rf4 37. f3 e5 38. Rc5 Rd4 39. Bc6 Bxc6 40. Rxc6 f6 41. Rc7+ Kf8 42. Rc6 Ke7 43. Rc7+ Ke6 44. Rc6+ Kf5 45. Ra6 Rb4 46. Rc6 Rd4 47. Ra6 Rd7 48. Rb6 Re7 49. Kf2 e4 50. g4+ Ke5 51. fxe4 Ra7 52. Rb5+ Kxe4 53. Rb4+ Ke5 54. Rb5+ Ke6 55. Rb6+ Kf7 56. Rb3 Kg7 57. Kg3 Ra6 58. Rc3 Kh6 59. Rf3 Kg7 60. Rb3 f5 61. h4 gxh4+ 62. Kxh4 Ra4 63. Rg3 Kh6 64. Kh3 f4 65. Rb3 Re4 66. Rb6 Re3+ 67. Kh4 Re7 68. g5+ Kg7 69. Rf6 Rf7 70. Kg4 Rxf6 71. gxf6+ Kxf6 72. Kxf4 1/2-1/2

[Event "Wuerttemberg Rapid Teams 2024"]
[Site "B?blingen, Germany"]
[Date "2024.04.13"]
[Round "4.23"]
[White "Aksenov, Pavel"]
[Black "Albrecht, Neil"]
[Result "0-1"]
[ECO "D10"]
[WhiteElo "2045"]
[BlackElo "1950"]
[Annotator "RC"]
[PlyCount "98"]
[EventDate "2024.04.13"]
[EventType "team-tourn"]
[SourceTitle "playchess.com"]
[Source "ChessBase"]
[SourceQuality "1"]
[TimeControl "900+5"]

1. d4 d5 2. c4 c6 3. e3 Nf6 4. Nc3 Bf5 5. a3 e6 6. cxd5 exd5 7. Bd3 Bxd3 8. Qxd3 Bd6 9. Nf3 O-O 10. Ne5 Re8 11. f4 Nfd7 12. O-O f6 13. Nf3 Nb6 14. b3 a5 15. a4 Na6 16. Bd2 Nb4 17. Qf5 Qd7 18. Qb1 Re7 19. Nd1 Rae8 20. Bxb4 Bxb4 21. Qd3 Nc8 22. Nh4 Nd6 23. Rf3 Ne4 24. f5 Be1 25. g3 Bb4 26. Ra2 Qd8 27. Ng2 Qd7 28. g4 Ng5 29. Rf1 Nh3+ 30. Kh1 Re4 31. Nf4 Nxf4 32. exf4 Qd6 33. Raf2 c5 34. dxc5 Bxc5 35. Rf3 Rd4 36. Qb5 Rd8 37. Qxa5 Rb4 38. Ne3 Bb6 39. Qxd5+ Qxd5 40. Nxd5 Rxd5 41. Re1 Kf7 42. Kg2 h5 43. h3 hxg4 44. hxg4 Rd2+ 45. Kg3 Rb2 46. Rd1 R4xb3 47. Rd7+ Kf8 48. Rxb7 Bf2+ 49. Kg2 Rxb7 0-1

[Event "Wuerttemberg Rapid Teams 2024"]
[Site "B?blingen, Germany"]
[Date "2024.04.13"]
[Round "4.25"]
[White "Kulm, Justin"]
[Black "Kabisch, Thilo"]
[Result "0-1"]
[ECO "A30"]
[WhiteElo "1963"]
[BlackElo "2228"]
[Annotator "RC"]
[PlyCount "78"]
[EventDate "2024.04.13"]
[EventType "team-tourn"]
[SourceTitle "playchess.com"]
[Source "ChessBase"]
[SourceQuality "1"]
[TimeControl "900+5"]

1. Nf3 c5 2. g3 Nf6 3. Bg2 e6 4. O-O Be7 5. d4 cxd4 6. Nxd4 a6 7. c4 O-O 8. Nc3 Qc7 9. b3 d5 10. Qd3 e5 11. Nc2 dxc4 12. bxc4 Be6 13. Nd5 Bxd5 14. cxd5 Rd8 15. e4 Nbd7 16. Be3 Rac8 17. Rfc1 Nc5 18. Bxc5 Qxc5 19. Qd1 b5 20. Ne3 Qb6 21. a4 Bc5 22. Rc3 Bd4 23. Rxc8 Rxc8 24. Rc1 Rxc1 25. Qxc1 g6 26. axb5 axb5 27. Kf1 b4 28. Ke1 b3 29. Ke2 b2 30. Qb1 Qb5+ 31. Kf3 h5 32. Bf1 Qb3 33. h3 Nh7 34. h4 Nf6 35. Bd3 Bxe3 36. Kxe3 Ng4+ 37. Ke2 Qb6 38. Qc2 Qxf2+ 39. Kd1 Ne3# 0-1

[Event "Wuerttemberg Rapid Teams 2024"]
[Site "B?blingen, Germany"]
[Date "2024.04.13"]
[Round "4.26"]
[White "Trachtmann, Mark"]
[Black "Bueble, Joschua"]
[Result "1-0"]
[ECO "E05"]
[WhiteElo "2203"]
[BlackElo "1972"]
[Annotator "RC"]
[PlyCount "87"]
[EventDate "2024.04.13"]
[EventType "team-tourn"]
[SourceTitle "playchess.com"]
[Source "ChessBase"]
[SourceQuality "1"]
[TimeControl "900+5"]

1. d4 Nf6 2. c4 e6 3. Nf3 d5 4. g3 Be7 5. Bg2 O-O 6. O-O dxc4 7. Qc2 a6 8. a4 Bd7 9. Qxc4 Bc6 10. Bg5 Bd5 11. Qd3 Nbd7 12. Nc3 b6 13. Nxd5 Nxd5 14. Bxe7 Qxe7 15. e4 Nb4 16. Qb3 a5 17. Rfd1 Nf6 18. Ne5 Nd7 19. Nc4 Rac8 20. Rac1 Rfd8 21. Ne3 g6 22. Nc4 e5 23. d5 Nc5 24. Qa3 Qe8 25. b3 Nb7 26. Qb2 f6 27. Bh3 Rb8 28. Be6+ Kg7 29. Nxe5 Nc5 30. Rxc5 bxc5 31. Ng4 Qe7 32. e5 f5 33. Ne3 Rb6 34. Bxf5 Kf8 35. Be4 c6 36. d6 Qe6 37. Nc4 Rbb8 38. Qd2 Nd5 39. Nxa5 Qxe5 40. Nxc6 Qxe4 41. Qxd5 Qe2 42. Nxb8 Rxb8 43. d7 Rd8 44. Qxc5+ 1-0

[Event "Wuerttemberg Rapid Teams 2024"]
[Site "B?blingen, Germany"]
[Date "2024.04.13"]
[Round "4.27"]
[White "Schraegle, Thorsten"]
[Black "Krockenberger, Martin"]
[Result "1-0"]
[ECO "D00"]
[WhiteElo "1918"]
[BlackElo "2125"]
[Annotator "RC"]
[PlyCount "103"]
[EventDate "2024.04.13"]
[EventType "team-tourn"]
[SourceTitle "playchess.com"]
[Source "ChessBase"]
[SourceQuality "1"]
[TimeControl "900+5"]

1. d4 Nf6 2. Nc3 d5 3. Bf4 Bf5 4. e3 a6 5. Nf3 e6 6. Ne5 Nbd7 7. g4 Nxe5 8. dxe5 Nxg4 9. f3 Nh6 10. Bd3 Qh4+ 11. Bg3 Qb4 12. Qc1 O-O-O 13. a3 Qc5 14. Bf2 Qc6 15. Qd2 Bc5 16. O-O-O d4 17. exd4 Bxd4 18. Bxd4 Rxd4 19. Qe3 Rhd8 20. Be4 Rxd1+ 21. Rxd1 Rxd1+ 22. Kxd1 Bxe4 23. Qxe4 Qxe4 24. Nxe4 Kd7 25. Ng5 Ke7 26. Kd2 f6 27. exf6+ gxf6 28. Ne4 a5 29. Kd3 Nf7 30. b3 f5 31. Nc3 c6 32. Na4 Ne5+ 33. Ke3 b5 34. Nc5 Kd6 35. Nb7+ Kd5 36. Nxa5 Nd7 37. c4+ bxc4 38. Nxc4 e5 39. f4 e4 40. Kd2 Nc5 41. Ne3+ Ke6 42. Kc3 Nb7 43. Kd4 Nd6 44. Kc5 Kd7 45. a4 Kc7 46. b4 h5 47. Kd4 Kd7 48. Ke5 h4 49. a5 Kc7 50. h3 Kd7 51. a6 Kc7 52. a7 1-0

[Event "Wuerttemberg Rapid Teams 2024"]
[Site "B?blingen, Germany"]
[Date "2024.04.13"]
[Round "4.28"]
[White "Eisele, Steffen"]
[Black "Guenter, Alexander"]
[Result "1-0"]
[ECO "C64"]
[WhiteElo "2230"]
[BlackElo "1997"]
[Annotator "RC"]
[PlyCount "107"]
[EventDate "2024.04.13"]
[EventType "team-tourn"]
[SourceTitle "playchess.com"]
[Source "ChessBase"]
[SourceQuality "1"]
[TimeControl "900+5"]

1. e4 e5 2. Nf3 Nc6 3. Bb5 Bc5 4. c3 a6 5. Bxc6 bxc6 6. Nxe5 Qe7 7. d4 d6 8. Nxc6 Qxe4+ 9. Qe2 Qxe2+ 10. Kxe2 Bb6 11. Re1 Be6 12. Kf1 Kd7 13. Nb4 Bc4+ 14. Kg1 Nf6 15. Bg5 a5 16. Nd2 Be6 17. Nd3 Bf5 18. Bxf6 gxf6 19. Ne4 Kc6 20. Nf4 Bxe4 21. Rxe4 Rae8 22. Rae1 Rxe4 23. Rxe4 Kd7 24. Nd5 f5 25. Re7+ Kc6 26. Nxb6 cxb6 27. Rxf7 Re8 28. Kf1 Kd5 29. Rxf5+ Kc4 30. a4 d5 31. Rf6 Rb8 32. Rd6 Kb3 33. Rxd5 Kxb2 34. Rb5+ Kxc3 35. d5 Kc4 36. f4 Rd8 37. Ke2 Rxd5 38. Rxd5 Kxd5 39. Kd3 Kc5 40. Kc3 b5 41. axb5 Kxb5 42. f5 Kc5 43. g4 a4 44. f6 Kd6 45. g5 Ke6 46. Kb4 Kf7 47. Kxa4 Kg6 48. Kb5 h5 49. h4 Kf7 50. Kc6 Ke6 51. Kc7 Kf5 52. f7 Kg4 53. f8=Q Kxh4 54. g6 1-0

[Event "Wuerttemberg Rapid Teams 2024"]
[Site "B?blingen, Germany"]
[Date "2024.04.13"]
[Round "4.29"]
[White "Strathmann, Sacha"]
[Black "Braeuning, Rudolf Wilhelm"]
[Result "1/2-1/2"]
[ECO "B06"]
[WhiteElo "2125"]
[BlackElo "2194"]
[Annotator "RC"]
[PlyCount "97"]
[EventDate "2024.04.13"]
[EventType "team-tourn"]
[SourceTitle "playchess.com"]
[Source "ChessBase"]
[SourceQuality "1"]
[TimeControl "900+5"]

1. e4 c5 2. Nf3 g6 3. c3 d5 4. exd5 Qxd5 5. d4 Bg7 6. Be3 cxd4 7. cxd4 Qa5+ 8. Nc3 Nh6 9. Bc4 O-O 10. O-O Bg4 11. h3 Bxf3 12. Qxf3 Nc6 13. Rfd1 Nf5 14. d5 Ne5 15. Qe2 Nxe3 16. fxe3 Nxc4 17. Qxc4 Rac8 18. Qe4 Qc5 19. Rac1 a6 20. Ne2 Qd6 21. b3 Rfd8 22. Rxc8 Rxc8 23. Qf3 Qe5 24. e4 Rc2 25. Rf1 Bf6 26. a4 Qb2 27. Rf2 Qa1+ 28. Rf1 Qe5 29. Qd3 Rc7 30. b4 Kg7 31. b5 axb5 32. axb5 Rc5 33. Rb1 Qd6 34. g3 Be5 35. Kg2 e6 36. Rd1 b6 37. Qb3 exd5 38. Rxd5 Rxd5 39. Qxd5 Qxd5 40. exd5 f5 41. Kf3 Kf6 42. g4 Ke7 43. gxf5 gxf5 44. Ng3 Kd6 45. Nxf5+ Kxd5 46. Ne3+ Kc5 47. Ke4 Ba1 48. Nd5 Kxb5 49. Nxb6 1/2-1/2

[Event "Wuerttemberg Rapid Teams 2024"]
[Site "B?blingen, Germany"]
[Date "2024.04.13"]
[Round "4.30"]
[White "Hartmann, Martin"]
[Black "Baur, Frank"]
[Result "1-0"]
[ECO "B30"]
[WhiteElo "2158"]
[BlackElo "2050"]
[Annotator "RC"]
[PlyCount "113"]
[EventDate "2024.04.13"]
[EventType "team-tourn"]
[SourceTitle "playchess.com"]
[Source "ChessBase"]
[SourceQuality "1"]
[TimeControl "900+5"]

1. e4 c5 2. a3 g6 3. Nf3 Bg7 4. Nc3 Nc6 5. Bc4 a6 6. d3 e6 7. O-O Nge7 8. Ba2 O-O 9. Bg5 h6 10. Bh4 b5 11. Re1 Bb7 12. Rb1 d6 13. Ne2 e5 14. Qd2 Kh7 15. b4 Qd7 16. Bxe7 Nxe7 17. Ng3 Rae8 18. a4 f5 19. bxc5 dxc5 20. Qe2 f4 21. Nf1 g5 22. h3 Ng6 23. N1h2 b4 24. Bc4 Qxa4 25. Nxg5+ Kh8 26. Qh5 Qc6 27. Bd5 Qb6 28. Ng4 Ne7 29. Nf7+ Kh7 30. Bxb7 Qxb7 31. Ngxh6 Bxh6 32. Qxh6+ Kg8 33. Nd6 Qc6 34. Qg5+ Kh7 35. Nxe8 Qxe8 36. Qxe5 Ng6 37. Qxe8 Rxe8 38. Ra1 Re6 39. Ra5 Rc6 40. Rea1 c4 41. Rxa6 Rc5 42. Rb6 b3 43. d4 Rc7 44. cxb3 c3 45. Rb5 f3 46. Rc5 Rxc5 47. dxc5 Nf4 48. c6 Ne6 49. gxf3 Kg6 50. Rc1 Nd4 51. Kf1 Nxc6 52. Rxc3 Nd4 53. Kg2 Kf6 54. b4 Ke5 55. Rc5+ Kf4 56. Rf5+ Nxf5 57. exf5 1-0

[Event "Wuerttemberg Rapid Teams 2024"]
[Site "B?blingen, Germany"]
[Date "2024.04.13"]
[Round "4.31"]
[White "Schmid, Tim"]
[Black "Freiherr von Hauff, Christopher"]
[Result "0-1"]
[ECO "C85"]
[WhiteElo "1765"]
[BlackElo "1960"]
[Annotator "TA"]
[PlyCount "140"]
[EventDate "2024.04.13"]
[EventType "team-tourn"]
[SourceTitle "playchess.com"]
[Source "ChessBase"]
[SourceQuality "1"]
[TimeControl "900+5"]

1. e4 e5 2. Nf3 Nc6 3. Bb5 a6 4. Ba4 Nf6 5. O-O Be7 6. Bxc6 dxc6 7. Nxe5 Nxe4 8. Qf3 Nf6 9. c3 {[%emt 0:00:18] The position is equal.} O-O 10. d4 Be6 11. Be3 Bd5 12. Qe2 Nd7 13. c4 Be4 14. Nxd7 Qxd7 15. Nc3 Bf5 16. h3 Bf6 17. Rad1 h6 18. Qf3 Rad8 19. Ne4 Bxe4 20. Qxe4 Rfe8 21. Qf3 Qe6 22. b3 Qe4 23. Qg3 Bxd4 (23... Rd6 $11) 24. Qxc7 (24. Rxd4 $14 Rxd4 25. Bxd4 Qxd4 26. Qxc7) 24... c5 $11 25. Qf4 (25. Rde1 $11 {keeps the balance.}) 25... Qxf4 $17 (25... Bxe3 $2 {perishes.} 26. Qxe4 Bxf2+ 27. Kxf2 $18) 26. Bxf4 Re2 27. Rd2 Rde8 {[%emt 0:00:19] Black is more active.} 28. Rxe2 (28. Rfd1 $142) 28... Rxe2 29. Be3 Bxe3 ({But not} 29... Rxa2 30. Bxd4 cxd4 31. Rd1 $17) 30. fxe3 Rxa2 $19 {[%emt 0:01:00][%mdl 4096] Endgame. KR-KR} 31. Rf5 (31. Rd1 {is a better defense.}) 31... b6 32. Rd5 Rb2 33. Rd3 Kf8 34. Kh2 Ke7 35. Kg3 Ke6 36. Kf3 b5 37. g4 bxc4 (37... b4 $19 {is more deadly. aiming for ...a5.} 38. Ke4 a5) 38. bxc4 $17 Rb4 39. Ra3 Rxc4 40. Rxa6+ Ke5 $1 41. Ra7 Kf6 $1 42. Ra6+ Kg5 $1 43. Ra7 Kg6 (43... Rc1 $17 {...Kh4 would now be deadly.} 44. Ke2 Rc2+ 45. Kf3 Kg6) 44. Ra6+ f6 45. Rc6 Rc1 (45... h5 $17 46. Rc8 hxg4+ 47. hxg4 Kg5) 46. h4 $15 c4 47. Ke4 (47. h5+ $15 Kg5 48. Rc7) 47... Rg1 ({Better is} 47... h5 $17 48. gxh5+ Kxh5) 48. Kf4 {[%emt 0:00:01] [#]} (48. Kf3 $15) 48... Rc1 $2 (48... h5 $1 $19 49. g5 Rg4+ 50. Kf3 Rxh4 51. gxf6 gxf6) 49. h5+ Kf7 50. Rc7+ Kg8 51. Ke4 c3 52. Kd3 Rd1+ 53. Ke2 {[%emt 0:00:02] [#]} (53. Ke4 $11) 53... Rd2+ (53... Rg1 $1 $17 54. Rc8+ Kh7) 54. Ke1 $2 (54. Kf3 $11 {and White is okay.}) 54... Rd3 $2 ({Black should play} 54... Rg2 $19 55. Rxc3 Rxg4) 55. Ke2 $11 Rd2+ (55... Rd5 $11) 56. Ke1 $19 {[%emt 0:00:00] Black converts the advantage convincingly.} Rg2 57. Rxc3 Rxg4 58. Rc5 Rg5 59. Rxg5 (59. Rc7 $19) 59... hxg5 {[%emt 0:00:19] K3P-KPP. Black mates.} 60. Kf2 Kf7 61. Kg3 Ke6 62. Kf3 Ke5 63. e4 {[%emt 0:00:19] [#]} g4+ $1 64. Kg3 (64. Ke3 f5) 64... Kxe4 65. Kxg4 {[%emt 0:00:02] KPP-KP} Ke5 66. Kg3 Kf5 67. Kh4 Kf4 68. h6 gxh6 69. Kh5 f5 70. Kxh6 Kg4 {[%emt 0:00:01] Weighted Error Value: White=0.43/Black=0.25 (precise) .  Loses game:     	White=1     	---        Missed win:     	---       	Black=2      Mistake:       	White=8     	Black=7      Inaccurate:     	White=2     	---        OK:         	White=21    	Black=17     Best:        	White=1     	Black=5      Strong:       	---       	Black=3} 0-1

[Event "Wuerttemberg Rapid Teams 2024"]
[Site "B?blingen, Germany"]
[Date "2024.04.13"]
[Round "4.33"]
[White "Belica, Matej"]
[Black "Abel, Manfred"]
[Result "1-0"]
[ECO "A36"]
[WhiteElo "2173"]
[BlackElo "1881"]
[Annotator "RC"]
[PlyCount "101"]
[EventDate "2024.04.13"]
[EventType "team-tourn"]
[SourceTitle "playchess.com"]
[Source "ChessBase"]
[SourceQuality "1"]
[TimeControl "900+5"]

1. c4 c5 2. Nf3 Nc6 3. g3 g6 4. Bg2 Bg7 5. e4 e6 6. O-O Nge7 7. Nc3 O-O 8. d3 b6 9. Ng5 f6 10. Nh3 Bb7 11. f4 Nd4 12. Rb1 d5 13. cxd5 exd5 14. Nf2 Qd7 15. b4 Rad8 16. bxc5 bxc5 17. Ba3 Ne6 18. Qa4 Bc6 19. Qa5 dxe4 20. Ncxe4 Nf5 21. Nxc5 Nxc5 22. Bxc5 Bxg2 23. Kxg2 Qd5+ 24. Kg1 Ne3 25. Ne4 Nxf1 26. Rxf1 Rfe8 27. Qxa7 f5 28. Ng5 Re2 29. Bf2 Rxa2 30. Qe7 h6 31. Ne6 Rd7 32. Qe8+ Kh7 33. Nf8+ Bxf8 34. Qxf8 Ra8 35. Qf6 Qxd3 36. Qc6 Qd5 37. Qc3 Ra2 38. Qe3 h5 39. Qe8 Qf7 40. Qe3 Rdd2 41. Qc5 Qd7 42. Qb6 Qe7 43. Qb3 Qd7 44. Qe3 Qb7 45. Qc5 Rac2 46. Qe3 Re2 47. Qd4 Qe7 48. Qb6 h4 49. gxh4 Qxh4 50. Qb7+ Kh6 51. Bxh4 1-0

[Event "Wuerttemberg Rapid Teams 2024"]
[Site "B?blingen, Germany"]
[Date "2024.04.13"]
[Round "4.37"]
[White "Koeller, Horst"]
[Black "Foksha, Mischa"]
[Result "0-1"]
[ECO "B08"]
[WhiteElo "1831"]
[BlackElo "2021"]
[Annotator "RC"]
[PlyCount "62"]
[EventDate "2024.04.13"]
[EventType "team-tourn"]
[SourceTitle "playchess.com"]
[Source "ChessBase"]
[SourceQuality "1"]
[TimeControl "900+5"]

1. d4 g6 2. e4 Bg7 3. Nf3 d6 4. h3 Nf6 5. Nc3 O-O 6. Be2 b6 7. O-O c5 8. dxc5 bxc5 9. Re1 Nc6 10. Nd5 Rb8 11. Nxf6+ Bxf6 12. c3 Re8 13. Qc2 Qa5 14. Bc4 Ba6 15. Bf1 Bxf1 16. Rxf1 c4 17. Re1 Rb7 18. Bg5 Bxg5 19. Nxg5 Qxg5 20. Re3 Reb8 21. Rb1 Ne5 22. Rg3 Qh4 23. Qd2 Qxe4 24. Qc1 Nd3 25. Qd2 Rxb2 26. Rxb2 Rxb2 27. Qg5 Qe1+ 28. Kh2 Nxf2 29. Re3 Qh1+ 30. Kg3 Nxh3 31. Kf3 Nxg5+ 0-1